AoeStats
← iAlejandrouae

Arena

508941178Analyzed
4v4 RM · 6d ago on Sep 24, 2026· 37m 15s· 8 players
Game mode
Random Map
Map size
Large (8 player)
Population
200
Speed
Normal
Resources
Standard
Victory
Conquest
Starting age
Dark Age
Ending age
Imperial Age
RankedLock teamsTeams togetherTeam positionsShared explorationLock speedFull tech treeHidden civsTurbo modeCheats
Victory
Defeat
🇹🇷 Franks · Türkiye
1596
+17
🇦🇷 Persians · Argentina
1589
+17
🇫🇮 Khmer · Finland
1532
+20
🇹🇷 Britons · Türkiye
1446
+23
🇧🇾 Ethiopians · Belarus
1658
-21
🇷🇺 Saxons · Russia
1636
-20
🇧🇾 Varangians · Belarus
1589
-18
🇧🇾 Danes · Belarus
1574
-18
iAlejandrouae
6:01 Loom
8:07 Feudal Age
7:13 Loom
9:33 Fletching
16:10 Town Watch
21:44 Castle Age
19:54 Horse Collar
21:21 Double-Bit Axe
31:33 Bow Saw
31:51 Heavy Plow
33:44 Wheelbarrow
34:03 Gold Mining
35:46 Hand Cart
36:58 Gold Shaft Mining
36:15 Stone Mining
39:43 Imperial Age
WarPrince
10:59 Feudal Age
11:48 Double-Bit Axe
14:37 Castle Age
16:16 Bow Saw
18:46 Loom
22:31 Wheelbarrow
23:38 Hand Cart
27:22 Imperial Age
25:10 Scale Barding Armor
25:17 Forging
24:56 Town Watch
25:23 Gold Mining
26:23 Chain Barding Armor
26:34 Husbandry
27:21 Iron Casting
28:40 Plate Barding Armor
28:26 Conscription
27:33 Cavalier
29:36 Gold Shaft Mining
29:17 Paladin
30:58 Blast Furnace
30:37 Stone Mining
33:03 Caravan
Bzm_JöNTüRK
10:25 Feudal Age
14:05 Castle Age
12:08 Horse Collar
13:06 Double-Bit Axe
15:10 Bow Saw
20:09 Loom
22:31 Fletching
31:29 Imperial Age
30:33 Wheelbarrow
29:43 Town Watch
30:04 Crossbowman
31:57 Bodkin Arrow
32:27 Ballistics
31:59 Arbalester
34:18 Chemistry
36:50 Conscription
37:03 Coinage
36:53 Warwolf
Ciril
10:19 Feudal Age
13:36 Castle Age
11:35 Double-Bit Axe
11:43 Horse Collar
13:40 Light Cavalry
20:49 Wheelbarrow
21:21 Bow Saw
22:18 Heavy Plow
22:29 Stone Mining
23:22 Gold Mining
27:47 Imperial Age
25:03 Loom
25:36 Hand Cart
25:57 Husbandry
27:51 Scale Barding Armor
28:36 Ballistics
28:54 Conscription
29:18 Fletching
30:01 Bloodlines
29:15 Elite Ballista Elephant
30:32 Siege Engineers
30:44 Bodkin Arrow
31:24 Bracer
32:57 Town Watch
35:05 Chain Barding Armor
34:54 Double Crossbow
36:28 Coinage
37:30 Hoardings
37:09 Masonry
OLADUSHEK
9:54 Feudal Age
11:03 Double-Bit Axe
13:43 Castle Age
11:32 Horse Collar
14:58 Bow Saw
19:12 Loom
20:41 Gold Mining
21:55 Bloodlines
22:26 Scale Barding Armor
23:13 Husbandry
23:30 Heavy Plow
25:08 Wheelbarrow
25:12 Chain Barding Armor
26:31 Hand Cart
31:07 Imperial Age
28:46 Vendel Legacy
30:48 Forging
31:02 Fortified Wall
31:11 Cavalier
32:26 Plate Barding Armor
32:19 Conscription
34:04 Iron Casting
35:34 Fortified Wall
35:24 Murder Holes
PromoART
9:57 Feudal Age
13:39 Castle Age
12:22 Double-Bit Axe
13:45 Horse Collar
14:41 Scale Mail Armor
17:33 Squires
20:00 Chain Mail Armor
19:34 Arson
20:00 Loom
23:25 Bow Saw
23:47 Town Watch
25:06 Wheelbarrow
26:44 Heavy Plow
27:01 Gold Mining
27:28 Hand Cart
29:58 Forging
32:42 Imperial Age
30:33 Fletching
31:22 Iron Casting
30:40 Pikeman
31:06 Gambesons
31:18 Bodkin Arrow
33:07 Masonry
32:47 Halberdier
32:52 Onager
35:16 Plate Mail Armor
35:47 Blast Furnace
35:40 Bracer
DzeDanik
8:30 Loom
10:27 Feudal Age
15:18 Castle Age
23:54 Double-Bit Axe
25:09 Town Watch
26:02 Wheelbarrow
28:30 Horse Collar
29:15 Bow Saw
33:34 Imperial Age
32:06 Fortified Wall
33:38 Onager
35:49 Chemistry
35:59 Siege Engineers
SiraZaika
9:52 Feudal Age
8:10 Loom
11:33 Loom
14:42 Castle Age
12:36 Double-Bit Axe
13:42 Fletching
15:33 Scale Mail Armor
17:33 Bodkin Arrow
20:15 Chain Mail Armor
22:16 Town Watch
27:02 Wheelbarrow
30:06 Bow Saw
30:30 Fortified Wall
33:56 Imperial Age
31:11 Pikeman
31:53 Squires
32:34 Forging
35:08 Plate Mail Armor
34:28 Halberdier
35:11 Halberdier
37:09 Iron Casting
37:23 Bracer
Connection lost

Rejoining the realm…

Still unreachable

The connection could not be restored.

Session expired

The server has moved on; the page needs a fresh start.